 Dungeon Crawl Stone Soup version 0.28-a0-178-ga708605c5b (webtiles) character file.

Game seed: 3157881095443022

68 timneilson the Shield-Bearer (level 4, 0/29 HPs)
             Began as a Gargoyle Fighter on Aug 17, 2021.
             Slain by a hobgoblin (6 damage)
             ... led by Robin
             ... on level 2 of the Dungeon.
             The game lasted 00:02:21 (1362 turns).

timneilson the Shield-Bearer (Gargoyle Fighter)     Turns: 1362, Time: 00:02:22

Health: 0/29       AC:  0    Str: 20    XL:     4   Next: 19%
Magic:  4/4        EV: 13    Int:  9    God:
Gold:   949        SH:  0    Dex:  9    Spells: 3/3 levels left

rFire   . . .      SeeInvis .   (weapon currently unavailable)
rCold   . . .      Faith    .   (shield currently unavailable)
rNeg    + . .      Spirit   .   (armour currently unavailable)
rPois   ∞          Reflect  .   (helmet currently unavailable)
rElec   .          Harm     .   (cloak currently unavailable)
rCorr   .          Rampage  .   (gloves currently unavailable)
Will    .....                   (boots currently unavailable)
Stlth   +.........              (no amulet)
HPRegen 0.09/turn               (ring currently unavailable)
MPRegen 0.09/turn               (ring currently unavailable)

@: pig-form, very quick
A: fast, no casting, sickness immunity, AC +3, small, negative energy resistance
1, (electricity resistance), torment resistance 1, petrification resistance
a: no special abilities


You were on level 2 of the Dungeon.
You were a filthy swine.
You visited 1 branch of the dungeon, and saw 2 of its levels.

You collected 949 gold pieces.

Inventory:

Hand Weapons
 a - a +0 long sword (melded)
Armour
 b - a +0 scale mail (melded)
 c - a +0 kite shield (melded)
 f - a +0 chain mail
Jewellery
 h - a ring of magical power
Scrolls
 g - a scroll of blinking {unknown}
Potions
 d - a potion of might
 e - 2 potions of magic {unknown}
 j - a potion of degeneration {unknown}


   Skills:
 + Level 3.7 Fighting
 * Level 2.4 Long Blades
 * Level 3.8 Armour
 * Level 4.1 Shields


You had 3 spell levels left.
You didn't know any spells.
Your spell library contained the following spells:

 Spells                   Type           Power      Damage    Failure   Level
 Call Canine Familiar     Summ           0%         N/A       77%         3
 Portal Projectile        Hex/Tloc       0%         N/A       77%         3
 Leda's Liquefaction      Hex/Erth       0%         N/A       99%         4


Dungeon Overview and Level Annotations

Branches:
Dungeon (2/15)

Altars:


Innate Abilities, Weirdness & Mutations

You are a filthy swine.
You move quickly.
Your equipment is almost entirely melded.
You are incapable of wielding weapons or throwing items.
You cannot cast spells.
You are immune to sickness and miasma.
((Your stone body is resilient. (AC +3)))
You are immune to poison.
You resist negative energy. (rN+)
((You are resistant to electric shocks. (rElec)))
You are resistant to unholy torment.
You are immune to petrification.


Message History

* * * LOW HITPOINT WARNING * * *
Robin hits you but does no damage. The goblin closely misses you.
Robin zaps a wand.
You resist with some effort.
Unknown command.
You feel much better. The goblin hits you with a +0 dagger.
Robin zaps a wand.
You turn into a filthy swine.
Your +0 long sword melds into your body.
Your +0 kite shield melds into your body.
Your +0 scale mail melds into your body.
You hit Robin.
Robin is almost dead.
The goblin hits you with a +0 dagger. Robin misses you.
You closely miss Robin.
Robin is almost dead.
The goblin hits you with a +0 dagger. Robin barely misses you.
You hit Robin but do no damage.
Robin is almost dead.
The goblin hits you with a +0 dagger. Robin misses you.
You barely miss Robin.
Robin is almost dead.
The goblin no longer looks unusually strong.
The goblin completely misses you.
You hit Robin.
You kill Robin!
The goblin no longer looks unusually strong.
You barely miss the hobgoblin. The goblin closely misses you.
The hobgoblin hits you.
Unknown command.
You hit the goblin but do no damage. The goblin hits you with a +0 dagger.
The hobgoblin closely misses you.
You closely miss the goblin.
The hobgoblin no longer looks unusually strong.
The goblin closely misses you. The hobgoblin misses you.
Unknown command.
You hit the goblin.
The goblin is heavily wounded.
The goblin hits you with a +0 dagger.
* * * LOW HITPOINT WARNING * * *
The hobgoblin hits you.
You die...

#.# #.# #.# #.# #.# #.#
#.# #.# ########### #.#
#.# ..........# #.# #.#
..........# #.# #.#
..........# #g# #.#
..........# #h###.#
..........# #g#...#
...######.######g#.###
..........gggg.gg#.#
.....####..#g#####.#####
.....# #..#.# #.....#
.....# #.g#.#########.#
.##### #..#...#....##.#
.# #gg#...........#


You could see 2 hobgoblins and 3 goblins.

Vanquished Creatures
  Terence (D:2)
  Robin (D:2)
  3 endoplasms
  5 goblins
  4 hobgoblins
  3 jackals (D:1)
  6 kobolds
  A quokka (D:1)
  4 ball pythons (D:1)
  A bat (D:1)
  2 rats (D:1)
31 creatures vanquished.

Notes
Turn   | Place    | Note
-------+----------+-------------------------------------------
     0 | D:1      | timneilson the Gargoyle Fighter began the quest for the
                  | Orb.
     0 | D:1      | Reached XP level 1. HP: 14/14 MP: 1/1
   143 | D:1      | Reached XP level 2. HP: 1/19 MP: 2/2
   976 | D:1      | Identified a scroll of acquirement
   976 | D:1      | Acquired 933 gold pieces
  1066 | D:2      | Reached XP level 3. HP: 21/23 MP: 3/3
  1115 | D:2      | Noticed Terence
  1135 | D:2      | Killed Terence
  1136 | D:2      | Reached skill level 4 in Shields
  1315 | D:2      | Noticed Robin
  1341 | D:2      | Reached XP level 4. HP: 19/29 MP: 4/4
  1358 | D:2      | Killed Robin
  1362 | D:2      | Slain by a hobgoblin

Illustrated notes

Levels and vault maps discovered:
D:1:      nzn_arrival_depleted_hourglass, layout_basic
D:2:      layout_basic, basic_altar, minmay_quantized, uniq_robin,
          uniq_crazy_yiuf_cottage, uniq_jessica, uniq_terence

Skill      XL: |  1  2  3 |
---------------+----------+-----
Long Blades    | 2 |  2.4
Shields        | 4 |  4.1
Fighting       | |  3.7
Armour         | |  3.8

Action                   |  1- 3 |  4- 6 || total
-------------------------+-------+-------++-------
Melee: Long sword        |    96 |     6 ||   102
       Unarmed           |       |     9 ||     9
  Use: Scroll            |     4 |       ||     4
       Potion            |       |     1 ||     1
Armor: Scale mail        |    64 |     5 ||    69
Dodge: Dodged            |    34 |    12 ||    46
Block: Kite shield       |    66 |     2 ||    68
       Rpst.: Long sword |    13 |       ||    13

Table legend: (Time is in decaauts)
 A = Elapsed time spent in this place.
 B = Non-inter-level travel time spent in this place.
 C = Inter-level travel time spent in this place.
 D = Time resting spent in this place.
 E = Time spent auto-exploring this place.
 F = Levels seen in this place.
 G = Mean time per level.
                   A        B        C        D        E       F      G
               +--------+--------+--------+--------+--------+-----+--------+
         Total |   1415 |   1399 |     16 |     43 |   1077 |   2 |  707.5 |
       Dungeon |   1415 |   1399 |     16 |     43 |   1077 |   2 |  707.5 |
               +--------+--------+--------+--------+--------+-----+--------+

Top non-repeatable levels by time:
     D:1: 1074 daAuts
     D:2: 341 daAuts
